 Dungeon Crawl Stone Soup version 0.17-a0-1970-g7a13dd1 (webtiles) character file.

208 HungrySpirit the Cudgeler (level 5, -12/49 HPs)
             Began as an Ogre Arcane Marksman on Oct 4, 2015.
             Mangled by an ogre
             ... wielding a +0 giant spiked club
              (15 damage)
             ... on level 4 of the Dungeon.
             The game lasted 00:04:58 (3138 turns).

HungrySpirit the Cudgeler (Ogre Arcane Marksman)    Turns: 3138, Time: 00:04:58

Health: -12/49     AC:  3    Str: 17    XL:     5   Next: 86%
Magic:  15/15      EV: 10    Int: 12    God:
Gold:   125        SH:  0    Dex:  9    Spells: 1 memorised, 5 levels left

rFire  . . .     SeeInvis .     u - +0 flail
rCold  . . .     Clarity  .     c - +0 robe
rNeg   + . .     SustAt   .     (no shield)
rPois  .         Gourm    .     (helmet restricted)
rElec  .         Spirit   .     (no cloak)
rCorr  .         Warding  +     (gloves unavailable)
rMut   .         Stasis   .     (boots unavailable)
MR     .....                    i - amulet of warding
Stlth  +.........               (no ring)
                                n - ring of magical power

@: not resistant to hostile enchantments, very unstealthy
A: unfitting armour, tough skin 1
a: no special abilities


You were on level 4 of the Dungeon.
You were not hungry.

You visited 1 branch of the dungeon, and saw 4 of its levels.

You collected 125 gold pieces.

Inventory:

Hand weapons
 u - a +0 flail (weapon)
Missiles
 b - 3 throwing nets (quivered)
Armour
 c - a +0 robe (worn)
Jewellery
 i - an amulet of warding (around neck)
 n - a ring of magical power (left hand)
Magical devices
 m - a wand of random effects (25)
Scrolls
 f - a scroll of noise {unknown}
 g - 3 scrolls of remove curse {unknown}
 h - a scroll of magic mapping {unknown}
 j - a scroll of fear {unknown}
 p - a scroll of enchant weapon {unknown}
 r - a scroll of fog {unknown}
 v - a scroll of random uselessness {unknown}
 w - 2 scrolls of identify {unknown}
 y - a scroll of enchant armour {unknown}
Potions
 l - a potion of degeneration {unknown}
 q - a potion of heal wounds
 s - a potion of curing
Books
 d - a book of Debilitation

   Spells                             Type                      Level
   a - Corona                         Hexes                        1
   b - Slow                           Hexes                        2
   c - Gell's Gravitas                Hexes/Translocation          3
   d - Inner Flame                    Hexes/Fire                   3
   e - Cause Fear                     Hexes                        4
   f - Leda's Liquefaction            Hexes/Earth                  4
Comestibles
 e - 7 bread rations
 k - a royal jelly
 o - a slice of pizza
 t - 8 fruits


   Skills:
 - Level 2.2 Fighting
 * Level 6.9 Maces & Flails
 - Level 2.1 Throwing
 - Level 1.7 Dodging
 - Level 1.2 Spellcasting
 - Level 2.1 Hexes


You had 5 spell levels left.
You knew the following spells:

 Your Spells              Type           Power        Failure   Level  Hunger
a - Corona                Hex            #......      14%         1    ##.....


Dungeon Overview and Level Annotations

Branches:
Dungeon (4/15)
 Temple: D:4-7

Altars:
Makhleb
Xom

Shops:
D:4 }


Innate Abilities, Weirdness & Mutations

You are too large for most types of armour.
You have tough skin (AC +1).


Message History

The ogre shouts!
Found 15 stones.
You hit the ogre.
The ogre is lightly wounded.
The ogre hits you with a giant spiked club!!
Ouch! That really hurt!
Throwing (i - inventory. (,) - cycle):
a - 2 large rocks (quivered)
Press: ? - help, Shift-Dir - straight line, f - ogre
Aim: an ogre, wielding a giant spiked club (lightly wounded)
You throw a large rock. The large rock hits the ogre!
The ogre is moderately wounded.
The ogre hits you with a giant spiked club!
* * * LOW HITPOINT WARNING * * *
Throwing (i - inventory. (,) - cycle):
a - a large rock (quivered)
Press: ? - help, Shift-Dir - straight line, f/p - ogre
Aim: an ogre, wielding a giant spiked club (moderately wounded)
You throw a large rock. The large rock hits the ogre!
The ogre is severely wounded.
The ogre hits you with a giant spiked club!
You die...

.###.#######
######..#########
.###.# #..# .....#
#..# ###### #..# #
#..# ##### # #..#
#...#### #
############
##..###......< #
......(..O>#
#.#.......#### .
...(######@#
##..####### # . #.#
##.# #.# ##.########
#.# #..........
######.####[.########
..............#
###############


You could see an ogre.

Vanquished Creatures
  A hound (D:3)
  A centaur skeleton (D:4)
  2 worker ants (D:4)
  4 adders
  A worm (D:2)
  2 giant geckos (D:3)
  An orc (D:3)
  5 giant cockroaches
  6 goblins
  11 hobgoblins
  7 kobolds (D:1)
  2 ball pythons (D:2)
  7 bats
  5 giant newts
  A quokka skeleton (D:4)
  9 rats
65 creatures vanquished.

Notes
Turn   | Place    | Note
--------------------------------------------------------------
     0 | D:1      | HungrySpirit the Ogre Arcane Marksman began the quest for the Orb.
     0 | D:1      | Reached XP level 1. HP: 19/19 MP: 2/2
   154 | D:1      | Reached skill level 1 in Maces & Flails
   154 | D:1      | Reached XP level 2. HP: 23/28 MP: 3/3
   954 | D:1      | Reached XP level 3. HP: 28/35 MP: 4/4
  1194 | D:1      | Reached skill level 3 in Maces & Flails
  1624 | D:2      | Reached skill level 4 in Maces & Flails
  1681 | D:2      | Reached XP level 4. HP: 31/42 MP: 5/5
  1844 | D:2      | Found a shimmering altar of Xom.
  2799 | D:3      | Reached skill level 5 in Maces & Flails
  2799 | D:3      | Reached XP level 5. HP: 32/49 MP: 6/6
  2841 | D:3      | Found a burning altar of Makhleb.
  2965 | D:4      | Reached skill level 6 in Maces & Flails
  2984 | D:4      | Found Uliyz's Gadget Emporium.
  3130 | D:4      | Noticed an ogre
  3138 | D:4      | Mangled by an ogre

Vault maps used:
D:1:      minmay_arrival_widening_spiral_wide, minmay_misc_feat_enclosed,
          serial_bayou_ford_a, minmay_close_crescents
D:2:      xom_butterflies
D:3:      makhleb_heckhound_becter
D:4:      serial_shops, nicolae_shop_statue_plus, first_bread, uniq_grinder

Action                   |  1- 3 |  4- 6 || total
-------------------------+-------+-------++-------
Melee: Unarmed           |     6 |       ||     6
       Club              |   189 |    17 ||   206
       Flail             |       |    42 ||    42
Throw: Large rock        |    24 |     9 ||    33
       Throwing net      |     3 |     1 ||     4
  Use: Potion            |     3 |       ||     3
 Stab: Sleeping          |     1 |       ||     1
  Eat: Chunk             |     3 |     4 ||     7
